 Dungeon Crawl Stone Soup version 0.20.1-1-g8b1a95d (webtiles) character file.

4067 StormFighter the Cleaver (level 10, -1/57 HPs)
             Began as a Gargoyle Berserker on July 8, 2017.
             Was an Elder of Trog.
             Killed by divine providence
             ... invoked by an orc priest
              (10 damage)
             ... on level 7 of the Dungeon.
             The game lasted 00:16:01 (7016 turns).

StormFighter the Cleaver (Gargoyle Berserker)       Turns: 7016, Time: 00:16:02

Health: -1/57      AC: 19    Str: 24    XL:     10   Next: 25%
Magic:  0/10       EV:  6    Int:  8    God:    Trog [****..]
Gold:   521        SH:  3    Dex: 13    Spells: 9/9 levels left

rFire    . . .     SeeInvis .   a - +0 hand axe
rCold    . . .     Gourm    .   n - +0 buckler
rNeg     + . .     Faith    .   B - +0 plate armour (curse)
rPois    ∞         Spirit   +   (no helmet)
rElec    +         Reflect  .   k - scarf {Spirit}
rCorr    .         Harm     .   (no gloves)
MR       .....                  b - +0 pair of boots
Stlth    ..........             (no amulet)
Regen    0.2/turn               o - +4 ring of dexterity
MPRegen  0.2/turn               (no ring)

@: no status effects
A: negative energy resistance 1, electricity resistance, unbreathing,
petrification resistance, rot immunity, AC +7
a: Berserk, Trog's Hand, Brothers in Arms, Burn Spellbooks, Renounce Religion


You were on level 7 of the Dungeon.
You worshipped Trog.
Trog was greatly pleased with you.
You were hungry.

You visited 1 branch of the dungeon, and saw 7 of its levels.
You also visited: Ossuary.

You collected 663 gold pieces.
You spent 142 gold pieces at shops.

Inventory:

Hand Weapons
 a - a +0 hand axe (weapon)
 D - a +4 executioner's axe of freezing
Armour
 b - a +0 pair of boots (worn)
 k - a scarf of spirit shield (worn)
 n - a +0 buckler (worn)
 y - the +0 robe of the Worm {rElec rF++ Stlth-}
   (You found it on level 5 of the Dungeon)

   It greatly protects you from fire.
   It insulates you from electricity.
   It makes you less stealthy.
 B - a cursed +0 plate armour (worn)
 G - a +0 large shield
Jewellery
 l - an uncursed ring of fire
 o - a +4 ring of dexterity (left hand)
Wands
 q - a wand of flame (31/48)
 A - a wand of lightning (9/15)
 K - a wand of flame (16/48)
 L - a wand of lightning (8/15)
Scrolls
 e - 10 scrolls of identify
 f - 6 scrolls of teleportation {unknown}
 g - a scroll of fear
 m - a scroll of enchant armour {unknown}
 r - 2 scrolls of magic mapping
 s - a scroll of amnesia {unknown}
 t - a scroll of remove curse
 u - a scroll of immolation
 C - a scroll of recharging {unknown}
 E - a scroll of fog {unknown}
Potions
 d - 3 potions of heal wounds
 h - 2 potions of might
 j - 4 potions of flight
 p - a potion of curing
 v - a potion of ambrosia {unknown}
 w - 3 potions of agility {unknown}
 x - a potion of lignification {unknown}
 z - a potion of degeneration {unknown}
Books
 H - a book of Minor Magic

   Spells                             Type                      Level
   a - Magic Dart                     Conjuration                  1
   b - Blink                          Translocation                2
   c - Call Imp                       Summoning                    2
   d - Slow                           Hexes                        2
   e - Conjure Flame                  Conjuration/Fire             3
   f - Mephitic Cloud                 Conjuration/Poison/Air       3
   Trog disapproves of the use of such an item.
Comestibles
 c - 10 bread rations
 i - a royal jelly
 F - a fruit
 J - 2 meat rations


   Skills:
 * Level 4.2 Fighting
 + Level 12.8 Axes
 * Level 3.4 Armour
 - Level 1.5 Dodging


You had 9 spell levels left.
You didn't know any spells.

Dungeon Overview and Level Annotations

Branches:
Dungeon (7/15)             Temple (0/1) D:6

Altars:
Cheibriados
Gozag
Ru
Trog

Shops:
D:5 ?

Annotations:
D:7 1 transporter


Innate Abilities, Weirdness & Mutations

You are resistant to torment.
Your stone body is resilient. (AC +7)
You are immune to poison.
You resist negative energy. (rN+)
You are resistant to electric shocks. (rElec)
You can survive without breathing.
You are immune to petrification.
You are immune to rotting.


Message History

The shadow imp gestures at you.
You are unaffected.
The shadow imp gestures at you. Pain shoots through your body!
* * * LOW HITPOINT WARNING * * *
The crimson imp closely misses you.
You open the door.
The orc priest calls down the wrath of Beogh upon you.
Pain shoots through your body!
* * * LOW HITPOINT WARNING * * *
The crimson imp hits you but does no damage.
Unknown command.
The kobold demonologist begins to cast a cantrip, but forgets the words!
The orc priest calls down the wrath of Beogh upon you.
Pain shoots through your body!
* * * LOW HITPOINT WARNING * * *
The shadow imp lashes its tail.
The orc priest calls down the wrath of Beogh upon you.
Beogh smites you!
You die...

##.......# ##..
#..#.##..###..##
#..##.#.###....## ....#
##.....#...##### ####.#
#.#...........# #..
...#.#########.#
########.#8P$©$P8#.#
#.#≈.?.(.≈#.## ####
#o####@####..#
....###.#o≈.55≈o#.#.
#..>.#.≈...≈5#.#
##...#o≈≈≈5≈5#.#
########...#o≈P♣3≈5#.#
##..........#5≈≈5≈≈.#.#
#...........#.≈...≈.#.# ..
..##........#K≈...≈.#.###..#
###..#####..####'####.....#


You could see a kobold demonologist, a neqoxec, 4 orc priests, 2 quasits, a
crimson imp, 4 shadow imps and an orc.

Vanquished Creatures
  Joseph (D:7)
  The ghost of PeterMcNeter the Chopper, an amateur HOFi of Trog (D:5)
  6 yaks
  A water moccasin (D:7)
  2 orc warriors (D:6)
  2 ice beasts
  A phantom (D:4)
  2 sky beasts (D:6)
  2 ogres (D:7)
  2 centaurs
  A bullfrog (D:7)
  2 wyvern skeletons (D:7)
  3 jellies
  A centaur zombie (Ossuary)
  3 crimson imps
  2 bullfrog zombies
  5 hounds
  5 orc priests
  9 orc wizards
  2 centaur skeletons
  An iguana (D:6)
  6 worker ants
  2 big kobold zombies (Ossuary)
  3 mummies
  A worker ant zombie (D:6)
  11 adders
  3 gnolls (D:5)
  A river rat (D:6)
  A shadow imp (D:7)
  An ooze (D:3)
  2 adder skeletons
  An adder zombie (D:5)
  4 worms
  3 dart slugs
  6 leopard geckos
  24 orcs
  6 ball pythons
  9 giant cockroaches
  3 goblins
  5 hobgoblins
  2 jackals (D:1)
  4 quokkas
  11 bats
  6 frilled lizards
  7 gnoll zombies (Ossuary)
  2 goblin zombies (Ossuary)
  A jackal skeleton (D:6)
  9 kobolds
  A leopard gecko zombie (D:6)
  2 orc zombies (Ossuary)
  8 rats
  2 plants (D:7)
201 creatures vanquished.

Vanquished Creatures (collateral kills)
  A plant (D:7)
1 creature vanquished.

Grand Total: 202 creatures vanquished

Notes
Turn   | Place    | Note
-------+----------+-------------------------------------------
     0 | D:1      | StormFighter the Gargoyle Berserker began the quest for the Orb.
     0 | D:1      | Reached XP level 1. HP: 14/14 MP: 1/1
    71 | D:1      | Reached skill level 3 in Axes
   123 | D:1      | Reached XP level 2. HP: 10/19 MP: 2/2
   395 | D:1      | Reached XP level 3. HP: 17/23 MP: 3/3
   404 | D:1      | Reached ** piety under Trog
   998 | D:2      | Reached skill level 4 in Axes
  1286 | D:2      | Reached XP level 4. HP: 27/28 MP: 4/4
  1535 | D:2      | Found a bloodstained altar of Trog.
  1803 | D:3      | Noticed an ice beast
  1814 | D:3      | Killed an ice beast
  1814 | D:3      | Reached skill level 5 in Axes
  1814 | D:3      | Reached XP level 5. HP: 12/32 MP: 1/5
  2363 | D:3      | Reached *** piety under Trog
  2503 | D:3      | Reached XP level 6. HP: 37/37 MP: 6/6
  2587 | D:3      | Reached skill level 6 in Axes
  2605 | D:3      | You fall through a shaft for 3 floors!
  2634 | D:6      | Noticed an orc warrior
  2639 | D:6      | Noticed a yak
  2640 | D:6      | Noticed a yak
  2640 | D:6      | Noticed a yak
  2640 | D:6      | Noticed a yak
  2641 | D:6      | Noticed a yak
  2659 | D:6      | Found a snail-covered altar of Cheibriados.
  2676 | D:6      | Noticed a yak
  2689 | D:5      | Entered Level 5 of the Dungeon
  2689 | D:5      | Found Kadoraud's Magic Scroll Shop.
  2698 | D:5      | Killed a yak
  2698 | D:5      | Reached skill level 7 in Axes
  2698 | D:5      | Reached XP level 7. HP: 18/41 MP: 2/7
  2925 | D:5      | Bought a scroll of identify for 22 gold pieces
  2925 | D:5      | Bought a scroll of magic mapping for 38 gold pieces
  2925 | D:5      | Bought a scroll of random uselessness for 11 gold pieces
  2925 | D:5      | Bought a scroll of remove curse for 33 gold pieces
  2925 | D:5      | Bought a scroll of immolation for 38 gold pieces
  2930 | D:5      | Found a snail-covered altar of Cheibriados.
  3197 | D:3      | Found a sacrificial altar of Ru.
  3327 | D:4      | Reached skill level 8 in Axes
  3398 | D:4      | Reached **** piety under Trog
  3800 | D:4      | Reached XP level 8. HP: 29/46 MP: 5/8
  3941 | D:4      | Reached skill level 9 in Axes
  4306 | D:5      | Got a silken robe
  4317 | D:5      | Identified the cursed +0 robe of the Worm {rElec rF++ Stlth-} (You found it on level 5 of the Dungeon)
  4367 | D:5      | Noticed PeterMcNeter's ghost (amateur HOFi)
  4422 | D:5      | Killed PeterMcNeter's ghost
  4737 | D:5      | Reached skill level 10 in Axes
  5051 | D:6      | Reached XP level 9. HP: 51/51 MP: 6/9
  5102 | D:6      | Reached ***** piety under Trog
  5144 | D:6      | Reached skill level 11 in Axes
  5282 | D:6      | Found a staircase to the Ecumenical Temple.
  5356 | D:6      | Received a gift from Trog
  5356 | D:6      | Reached skill level 12 in Axes
  5739 | D:7      | Noticed a kobold demonologist
  5742 | D:7      | Found a transporter.
  5742 | D:7      | Found a transporter.
  5876 | D:7      | Noticed Joseph
  5901 | D:7      | Killed Joseph
  5901 | D:7      | Reached XP level 10. HP: 56/56 MP: 7/10
  6104 | D:7      | Found a sand-covered staircase.
  6113 | Ossuary  | Entered an ossuary
  6168 | Ossuary  | Received a gift from Trog
  6387 | D:7      | Found an opulent altar of Gozag.
  7016 | D:7      | Killed from afar by an orc priest

Skill      XL: |  1  2  3  4  5  6  7  8  9 10 |
---------------+-------------------------------+-----
Axes           | 3 4 5 7 8 10 12 | 12.8
Armour         | 3 |  3.4
Fighting       | 4 |  4.2
Dodging        | |  1.5

Action                   |  1- 3 |  4- 6 |  7- 9 | 10-12 || total
-------------------------+-------+-------+-------+-------++-------
Melee: Hand axe          |   125 |   207 |   478 |   228 ||  1038
Invok: Berserk           |       |     3 |     7 |       ||    10
       Trog's Hand       |       |       |     1 |       ||     1
       Brothers in Arms  |       |       |       |     2 ||     2
  Use: Scroll            |       |     1 |     4 |       ||     5
 Stab: Paralysed         |       |       |     2 |       ||     2
  Eat: Chunk             |     1 |     7 |    18 |     5 ||    31
Armor: Animal skin       |    50 |    30 |       |       ||    80
       Chain mail        |       |    95 |   145 |       ||   240
       Plate armour      |       |       |   109 |    98 ||   207
Dodge: Dodged            |   103 |    94 |    95 |    34 ||   326
Block: Buckler           |       |    10 |    50 |    25 ||    85
